 Dungeon Crawl Stone Soup version 0.28.0-62-gf88900778d (webtiles) character file.

Game seed: 17134115410009723150

18 cbfl8 the Skirmisher (level 2, -6/28 HPs)
             Began as a Gargoyle Berserker on June 1, 2023.
             Was a Follower of Trog.
             Mangled by a worm (8 damage)
             ... on level 2 of the Dungeon.
             The game lasted 00:00:56 (1331 turns).

cbfl8 the Skirmisher (Gargoyle Berserker)           Turns: 1331, Time: 00:00:57

Health: -6/28      AC: 13    Str: 20    XL:     2   Next: 70%
Magic:  2/2        EV:  6    Int:  7    God:    Trog [*.....]
Gold:   47         SH:  0    Dex:  9    Spells: 1/1 levels left

rFire   . . .      SeeInvis .   a - +0 mace
rCold   . . .      Faith    .   (no shield)
rNeg    + . .      Spirit   .   c - +0 plate armour
rPois   ∞          Reflect  .   (no helmet)
rElec   +          Harm     .   (no cloak)
rCorr   .          Rampage  .   (no gloves)
Will    .....                   (no boots)
Stlth   ..........              (no amulet)
HPRegen 0.09/turn               (no ring)
MPRegen 0.08/turn               (no ring)

@: berserking, very quick
A: sickness immunity, AC +2, negative energy resistance 1, electricity
resistance, torment resistance 1, petrification resistance
a: Renounce Religion, Berserk


You were on level 2 of the Dungeon.
You worshipped Trog.
Trog was aware of your devotion.
You visited 1 branch of the dungeon, and saw 2 of its levels.

You collected 47 gold pieces.

Inventory:

Hand Weapons
 a - a +0 mace (weapon)
Armour
 c - a +0 plate armour (worn)
Scrolls
 g - a scroll of fear {unknown}
Potions
 b - 2 potions of attraction {unknown}
 d - a potion of curing {unknown}
 e - a potion of invisibility {unknown}
 f - a potion of might {unknown}
 h - a potion of cancellation {unknown}


   Skills:
 + Level 3.5 Fighting
 + Level 3.3 Maces & Flails
 + Level 2.3 Armour
 + Level 1.6 Dodging
 * Level 0.7 Stealth
 * Level 0.6 Evocations


You had one spell level left.
You didn't know any spells.
Your spell library was empty.

Dungeon Overview and Level Annotations

Branches:
Dungeon (2/15)

Altars:

Shops:
D:1 [


Innate Abilities, Weirdness & Mutations

You are immune to sickness and miasma.
Your stone body is resilient. (AC +2)
You are immune to poison.
You resist negative energy. (rN+)
You are resistant to electric shocks. (rElec)
You are resistant to unholy torment.
You are immune to petrification.


Message History

Done exploring.
No target in view!
Done exploring.
No target in view!
Done exploring.
No target in view!
Search for what [? for help]? .
There is a stone staircase leading down here.
You climb downwards.
Found a stone staircase leading down.
There is a stone staircase leading up here.
A worm comes into view.
A worm is nearby!
A worm is nearby!
A worm is nearby!
You completely miss the worm. The worm bites you.
A worm is nearby!
You thump the worm!
The worm is heavily wounded.
The worm bites you.
A worm is nearby!
You hit the worm.
The worm is heavily wounded.
A worm is nearby!
You barely miss the worm.
The worm is heavily wounded.
The worm bites you!
* * * LOW HITPOINT WARNING * * *
A worm is nearby!
You are too injured to fight recklessly!
A worm is nearby!
You are too injured to fight recklessly!
You hit the worm.
The worm is severely wounded.
The worm bites you.
* * * LOW HITPOINT WARNING * * *
Okay, then.
A red film seems to cover your vision as you go berserk!
You feel yourself moving faster!
You feel mighty! The worm bites you!
You die...

#.# ....... ... #.#
#....###... #.#
#...^...... #.#
#.........#
#>#######.........#
#..................
###..######..........
#....# #.#..........
#.#..###.#...@....##.
#.#..<..###.##w..##
#.##.###.#.## .......
#. #.# #.# ..###.. #.
#.# #.. ..# # #. #.#
#. .## #. ... . .#
#.# .# #.#


You could see a worm.

Vanquished Creatures
  A dart slug (D:1)
  2 endoplasms (D:1)
  2 goblins (D:1)
  2 hobgoblins (D:1)
  3 ball pythons (D:1)
  3 bats (D:1)
  A frilled lizard (D:1)
  A kobold (D:1)
  A rat (D:1)
16 creatures vanquished.

Notes
Turn   | Place    | Note
-------+----------+-------------------------------------------
     0 | D:1      | cbfl8 the Gargoyle Berserker began the quest for the Orb.
     0 | D:1      | Reached XP level 1. HP: 14/14 MP: 1/1
   207 | D:1      | Found Tocutuxi's Armour Emporium.
   246 | D:1      | Reached XP level 2. HP: 6/19 MP: 2/2
  1331 | D:2      | Mangled by a worm

Illustrated notes

Levels and vault maps discovered:
D:1:      lightli_arrival_flooded_house, layout_basic, serial_shops,
          nicolae_shop_advertising_works [nicolae_subvault_shop_adworks],
          minmay_misc_feat_alley
D:2:      layout_loops_ring

Action                   || total
-------------------------++-------
Melee: Mace              ||    52
       Punch             ||     1
Invok: Berserk           ||     1
Armor: Plate armour      ||    45
       Animal skin       ||     6
Dodge: Dodged            ||    19
